 Dungeon Crawl Stone Soup version 0.22.1-1-ga44c0e56f4 (webtiles) character file.

958 Riddle the Thaumaturge (level 7, -4/46 HPs)
             Began as a Mummy Necromancer on Oct 8, 2018.
             Slain by Prince Ribbit (16 damage)
             ... on level 5 of the Dungeon.
             The game lasted 00:09:51 (5485 turns).

Riddle the Thaumaturge (Mummy Necromancer)          Turns: 5485, Time: 00:09:51

Health: -4/46      AC:  3    Str: 12    XL:     7   Next: 91%
Magic:  1/18       EV: 12    Int: 16    God:
Gold:   212        SH:  0    Dex: 12    Spells: 13/22 levels left

rFire    x . .     SeeInvis .   g - +0 dagger
rCold    + . .     Gourm    .   (no shield)
rNeg     + + +     Faith    .   a - +0 robe
rPois    ∞         Spirit   .   (no helmet)
rElec    .         Reflect  .   (no cloak)
rCorr    .         Harm     .   d - +0 pair of gloves
MR       .....                  (no boots)
Stlth    ++........             (no amulet)
HPRegen  0.15/turn              (no ring)
MPRegen  0.16/turn              (no ring)

@: no status effects
A: no food or potions, fire vulnerability, cold resistance 1, negative energy
resistance 3, torment resistance, unbreathing
a: no special abilities


You were on level 5 of the Dungeon.
You were not hungry.

You visited 1 branch of the dungeon, and saw 5 of its levels.

You collected 212 gold pieces.

Inventory:

Hand Weapons
 g - a +0 dagger (weapon)
Armour
 a - a +0 robe (worn)
 d - a +0 pair of gloves (worn)
Wands
 h - a wand of disintegration (6)
Scrolls
 b - a scroll of random uselessness
 c - 4 scrolls of identify
 e - a scroll of immolation
 f - a scroll of remove curse
 i - 2 scrolls of teleportation


   Skills:
 - Level 1.5 Dodging
 - Level 1.5 Stealth
 + Level 8.2 Spellcasting
 + Level 7.6 Necromancy


You had 13 spell levels left.
You knew the following spells:

 Your Spells              Type           Power        Failure   Level  Hunger
a - Pain                  Necr           ####         1%          1    N/A
b - Animate Skeleton      Necr           N/A          1%          1    N/A
c - Vampiric Draining     Necr           ####......   1%          3    N/A
d - Animate Dead          Necr           N/A          4%          4    N/A

Your spell library contained the following spells:

 Spells                   Type           Power        Failure   Level  Hunger
 Regeneration             Chrm/Necr      Unusable     N/A         3    N/A

Dungeon Overview and Level Annotations

Branches:
Dungeon (5/15)
 Temple: D:4-7

Altars:
Elyvilon

Annotations:
D:5 Prince Ribbit


Innate Abilities, Weirdness & Mutations

You do not eat or drink.
Your flesh is vulnerable to fire.
You are immune to poison.
Your flesh is cold resistant. (rC+)
You are immune to negative energy. (rN+++)
You are immune to unholy pain and torment.
You can survive without breathing.


Message History

g - Guard the area. f - Follow me.
Anything else - Cancel.
Gang up on whom?
Press: ? - help, Dir - move target cursor, f/p - Prince Ribbit
Aim: Prince Ribbit Attack!
Prince Ribbit hits your ogre skeleton!
Your ogre skeleton barely misses Prince Ribbit.
Prince Ribbit hops awkwardly around.
Prince Ribbit hits your ogre skeleton!
Your ogre skeleton is destroyed!
There is an open door here.
There is a stone staircase leading down here.
Casting: Pain (safe; 1% risk of failure)
Confirm with . or Enter, or press ? or * to list all spells.
Aiming: Vampiric Draining (safe; 1% risk of failure)
Press: ? - help, Shift-Dir - straight line, f/p - Prince Ribbit
Aim: Prince Ribbit Prince Ribbit is moderately wounded.
You feel life coursing into your body. Prince Ribbit hits you!
You die...

..............
............. #
............
........... ........
#.....
#.#.######+#######
#@F)............Z.
###'#)###########.##
#..............##...
#..............####.
#..............####.
#...................
#...................
#...................
#...................


You could see Prince Ribbit.

Vanquished Creatures
  Edmund (D:5)
  2 ice beasts (D:5)
  4 ogres
  A centaur (D:5)
  A hound (D:2)
  An iguana (D:4)
  Terence (D:2)
  A worker ant (D:4)
  4 adders
  3 worms
  3 dart slugs
  4 leopard geckos
  2 orcs (D:3)
  2 ball pythons
  7 bats
  5 giant cockroaches
  11 goblins
  9 hobgoblins
  2 jackals (D:3)
  4 quokkas
  10 frilled lizards
  7 kobolds
  4 rats
89 creatures vanquished.

Vanquished Creatures (collateral kills)
  A bullfrog skeleton (D:5)
  A dart slug (D:1)
  A leopard gecko (D:5)
3 creatures vanquished.

Grand Total: 92 creatures vanquished

Notes
Turn   | Place    | Note
-------+----------+-------------------------------------------
     0 | D:1      | Riddle the Mummy Necromancer began the quest for the Orb.
     0 | D:1      | Reached XP level 1. HP: 13/13 MP: 4/4
   145 | D:1      | Reached skill level 3 in Spellcasting
   197 | D:1      | Reached XP level 2. HP: 19/19 MP: 4/6
   245 | D:1      | Learned a level 1 spell: Animate Skeleton
   779 | D:1      | Reached XP level 3. HP: 24/24 MP: 6/8
  1500 | D:2      | Reached skill level 4 in Spellcasting
  1532 | D:2      | Noticed Terence
  1543 | D:2      | Killed Terence
  1543 | D:2      | Reached XP level 4. HP: 21/30 MP: 0/10
  1762 | D:2      | Reached skill level 5 in Necromancy
  2805 | D:3      | Reached XP level 5. HP: 35/35 MP: 12/12
  2808 | D:3      | Noticed an ogre
  2992 | D:3      | Reached skill level 5 in Spellcasting
  3357 | D:3      | Found a white marble altar of Elyvilon.
  3373 | D:3      | Learned a level 3 spell: Vampiric Draining
  3378 | D:3      | Learned a level 4 spell: Animate Dead
  3481 | D:3      | Killed an ogre
  3761 | D:4      | Reached XP level 6. HP: 38/41 MP: 8/14
  3827 | D:4      | Reached skill level 6 in Spellcasting
  4964 | D:5      | Entered Level 5 of the Dungeon
  4988 | D:5      | Noticed an ice beast
  4997 | D:5      | Killed an ice beast
  4997 | D:5      | Reached skill level 7 in Spellcasting
  4997 | D:5      | Reached XP level 7. HP: 36/46 MP: 7/17
  5461 | D:5      | Noticed Prince Ribbit
  5461 | D:5      | Noticed Edmund
  5477 | D:5      | Killed Edmund
  5477 | D:5      | Reached skill level 8 in Spellcasting
  5485 | D:5      | Slain by Prince Ribbit

Skill      XL: |  1  2  3  4  5  6  7 |
---------------+----------------------+-----
Spellcasting   | 3 4 5 7 8 |  8.2
Necromancy     | 5 6 7 |  7.6
Dodging        | |  1.5
Stealth        | |  1.5

Action                   |  1- 3 |  4- 6 |  7- 9 || total
-------------------------+-------+-------+-------++-------
Melee: Club              |     1 |     3 |       ||     4
       Unarmed           |     1 |       |       ||     1
       Dagger            |       |    24 |     3 ||    27
 Cast: Pain              |    68 |   129 |    32 ||   229
       Animate Skeleton  |     9 |     6 |     2 ||    17
       Vampiric Draining |       |     2 |     5 ||     7
  Use: Scroll            |       |     7 |       ||     7
 Stab: Sleeping          |     1 |       |       ||     1
Armor: Robe              |     2 |    11 |     1 ||    14
Dodge: Dodged            |     7 |    41 |     8 ||    56
